 Dungeon Crawl Stone Soup version 0.30-a0-355-g4c39ff33d3 (webtiles) character file.

Game seed: 3135886239611110882

69504 Falherf the Unseen (level 14, -1/73 HPs)
             Began as a Spriggan Enchanter on Nov 7, 2022.
             Was the Champion of Dithmenos.
             Slain by an ogre mage
             ... wielding a +0 club
              (12 damage)
             ... while paralysed by a floating eye
             ... on level 1 of the Orcish Mines on Nov 8, 2022.
             The game lasted 01:06:17 (21328 turns).

Falherf the Unseen (Spriggan Enchanter)            Turns: 21328, Time: 01:06:18

Health: -1/73      AC: 14    Str:  3    XL:     14   Next: 90%
Magic:  22/30      EV:  4    Int: 16    God:    Dithmenos [******]
Gold:   3161       SH:  0    Dex: 24    Spells: 25/41 levels left

rFire   . . .      SeeInvis +    a - +2 dagger (vorpal)
rCold   . . .      Faith    .    (no shield)
rNeg    . . .      Spirit   .    x - +1 steam dragon scales
rPois   +          Reflect  .    e - +1 hat
rElec   .          Harm     .    g - +2 cloak
rCorr   .          Rampage  .    (gloves unavailable)
Will    ++...                    (boots unavailable) Stlth ***+++++++
                                 I - amulet of regeneration
HPRegen 1.12/turn                p - +4 ring of evasion
MPRegen 0.22/turn                r - +4 ring of protection

@: paralysed, wreathed by umbra, invisible, very quick
A: very small, no large weapons, unfitting armour, see invisible, speed 3, agile
1, low MP 1, poison resistance
a: Renounce Religion, Shadow Step, Shadow Form


You were on level 1 of the Orcish Mines.
You worshipped Dithmenos.
Dithmenos was exalted by your worship.
You visited 4 branches of the dungeon, and saw 21 of its levels.
You also visited: Sewer and Bailey.

You collected 3161 gold pieces.

Inventory:

Hand Weapons
 a - a +2 vorpal dagger (weapon)
 b - a +0 dagger of venom
 F - a +2 dagger of speed
 W - a +5 rapier of holy wrath
Missiles
 c - a curare-tipped dart
 d - 12 throwing nets (quivered)
Armour
 e - a +1 hat (worn)
 g - a +2 cloak (worn)
 x - +1 steam dragon scales (worn)
Jewellery
 p - a +4 ring of evasion (left hand)
 r - a +4 ring of protection (right hand)
 y - a ring of fire
 C - a +6 ring of strength
 I - an amulet of regeneration (around neck)
 J - a +6 ring of dexterity
 K - a ring of wizardry
 M - a +6 ring of intelligence
 T - a ring of flight
 V - a ring of ice
Wands
 s - a wand of polymorph (20)
 v - a wand of charming (13)
 z - a wand of light (6)
 A - a wand of roots (9)
 B - a wand of flame (47)
 R - a wand of mindburst (5)
Scrolls
 h - 3 scrolls of summoning
 j - 4 scrolls of vulnerability
 k - 2 scrolls of fear
 t - 7 scrolls of teleportation
 w - 2 scrolls of amnesia
 E - 2 scrolls of brand weapon
 L - a scroll of magic mapping
 N - 3 scrolls of poison
 O - 4 scrolls of blinking
 Q - 2 scrolls of identify
 S - 2 scrolls of immolation
Potions
 f - a potion of flight
 i - 3 potions of haste
 l - 2 potions of might
 m - 4 potions of cancellation
 n - 2 potions of resistance
 o - 4 potions of attraction
 q - 5 potions of brilliance
 u - 3 potions of magic
 G - 7 potions of curing
 H - 2 potions of heal wounds
 P - 4 potions of mutation
 U - a potion of berserk rage
Miscellaneous
 D - a tin of tremorstones (2/2)


   Skills:
 + Level 8.2 Fighting
 - Level 12.0 Short Blades
 + Level 12.9 Dodging
 + Level 17.8 Stealth
 + Level 14.4 Spellcasting
 + Level 14.7 Hexes
 - Level 2.0 Summonings


You had 25 spell levels left.
You knew the following spells:

 Your Spells              Type           Power      Damage    Failure   Level
a - Ensorcelled Hibernat  Hex/Ice        70%        N/A       1%          2
b - Tukima's Dance        Hex            55%        N/A       1%          3
c - Dazzling Flash        Conj/Hex       70%        N/A       1%          3
d - Confusing Touch       Hex            55%        N/A       1%          3
e - Summon Mana Viper     Hex/Summ       38%        N/A       5%          5

Your spell library contained the following spells:

 Spells                   Type           Power      Damage    Failure   Level
 Summon Guardian Golem    Hex/Summ       38%        N/A       1%          3
 Leda's Liquefaction      Hex/Erth       17%        N/A       2%          4
 Beastly Appendage        Tmut           22%        N/A       6%          1
 Freeze                   Ice            44%        1d6       6%          1
 Sandblast                Erth           22%        2d7       6%          1
 Metabolic Englaciation   Hex/Ice        17%        N/A       8%          5
 Yara's Violent Unravell  Hex/Tmut       17%        3d8       8%          5
 Cigotuvi's Dreadful Rot  Necr/Pois/Air  22%        N/A       9%          2
 Passwall                 Tmut/Erth      9%         N/A       9%          2
 Poisonous Vapours        Pois/Air       22%        N/A       9%          2
 Scorch                   Fire           22%        2d6       9%          2
 Static Discharge         Conj/Air       22%        2-3/arc   9%          2
 Wereblood                Tmut           11%        N/A       9%          2
 Frozen Ramparts          Ice            22%        1d4       17%         3
 Hailstorm                Conj/Ice       11%        3d5       17%         3
 Mephitic Cloud           Conj/Pois/Air  11%        N/A       17%         3
 Spider Form              Tmut/Pois      11%        N/A       17%         3
 Stone Arrow              Conj/Erth      22%        3d8       17%         3
 Vhi's Electric Charge    Tloc/Air       22%        N/A       17%         3
 Flame Wave               Conj/Fire      11%        2d6       50%         4
 Passage of Golubria      Tloc           11%        N/A       50%         4
 Petrify                  Tmut/Erth      11%        N/A       50%         4
 Summon Forest            Summ/Tloc      7%         N/A       71%         5
 Alistair's Intoxication  Tmut/Pois      7%         N/A       85%         5
 Arcjolt                  Conj/Air       5%         1d15      85%         5
 Borgnjor's Vile Clutch   Necr/Erth      5%         N/A       85%         5
 Lee's Rapid Deconstruct  Erth           5%         3d6*      85%         5
 Lightning Bolt           Conj/Air       5%         1d17      85%         5
 Summon Cactus Giant      Summ           8%         N/A       98%         6
 Eringya's Noxious Bog    Tmut/Pois      5%         N/A       100%        6
 Statue Form              Tmut/Erth      7%         N/A       100%        6
 Orb of Destruction       Conj           5%         9d5       100%        7
 Spellforged Servitor     Conj/Summ      7%         N/A       100%        7
 Borgnjor's Revivificati  Necr           5%         N/A       100%        8
 Necromutation            Tmut/Necr      5%         N/A       100%        8
 Death's Door             Necr           5%         N/A       100%        9


Dungeon Overview and Level Annotations

Branches:
Dungeon (14/15)            Temple (1/1) D:5            Lair (5/5) D:11
  Swamp (0/4) Lair:3       Spider (0/4) Lair:2        Slime (0/5) Lair:4
    Orc (1/2) D:11         Vaults (0/5) D:13          Sewer (visited)
 Bailey (visited)

Altars:
Ashenzari
Cheibriados
Dithmenos
Elyvilon
Fedhas
Gozag
Hepliaklqana
Kikubaaqudgha
Makhleb
Nemelex Xobeh
Okawaru
Qazlal
Ru
Sif Muna
Trog
Uskayaw
Vehumet
Wu Jian
Xom
Yredelemnul
Zin
The Shining One
Jiyva

Shops:
D:10 [(   D:12 [

Annotations:
D:3 2 transporters, MrRokkomies's ghost, amateur AtGl
Lair:4 2 transporters, Cyrchepe's ghost, journeyman FeSu


Innate Abilities, Weirdness & Mutations

You are very small and have problems with some larger weapons.
You are too small for most types of armour.
You have supernaturally acute eyesight. (SInv)
You cover ground extremely quickly. (Speed+++)
You are agile. (Dex +4, Str/Int -1)
Your magical capacity is low. (-10% MP)
Your system is resistant to poisons. (rPois)


Message History

Press: ? - help, Dir - look around, f - activate The orc sorcerer is dazzled.
The hornet is dazzled.
You hear an angry buzzing noise.
A hornet comes into view.
The orc sorcerer mumbles some strange words.
The orc sorcerer misses you.
You hear a shout!
Unknown command.
Casting: Dazzling Flash (safe; 1% risk of failure)
Confirm with . or Enter, or press ? or * to list all spells.
Casting: Dazzling Flash (safe; 1% risk of failure)
Press: ? - help, Dir - look around, f - activate The ogre mage is dazzled. x2; The hornet is dazzled. x2
The ogre mage completely misses you.
The orc sorcerer hits you but does no damage.
The ogre mage hits you but does no damage.
Unknown command.
Unknown command.
Unknown command.
Unknown command.
You completely miss the orc sorcerer.
You punch the orc sorcerer, but do no damage.
You catch the helpless orc sorcerer completely off-guard!
You stick the orc sorcerer like a pincushion!!!
You kill the orc sorcerer!
Dithmenos accepts your kill.
The floating eye gazes piercingly through you!
You suddenly lose the ability to move!
The ogre mage points at you and mumbles some strange words.
The bolt of magma hits you!!
You hear an angry buzzing noise.
The ogre mage hits you but does no damage. x2
The ogre mage gestures at you while chanting.
The bolt of magma hits you!!!
Ouch! That really hurt!
* * * LOW HITPOINT WARNING * * *
You emit a cloud of dark smoke.
The orc sorcerer shouts, "You can't withstand my power!"
The ogre mage hits you with a +0 club!
You die...

#..........#.#.......#
..........#........#.##
#########.....#.....##
.......##)..#......#.#
#$.#...#...#.........
#..#...##.....#.#.#.#
#.§#...#.....##### #
#.§#§..#......#
..#O@#..#......## #.
#O§#..'.......# #
#oo#..#......##
y.#...#.......#
#..#...#.#.##.##
..#...###...###
#..#...# ##.## ......##
### ####


You could see 2 ogre magi, a hornet (wandering, blind) and 2 orc sorcerers.

Vanquished Creatures
  Kirke (D:13)
  3 vault guards (D:13)
  Harold (D:10)
  2 catoblepae
  9 hydras
  A centaur warrior (D:14)
  2 two-headed ogres
  A boulder beetle (D:11)
  A merfolk avatar (Lair:5)
  4 death yaks
  A tengu warrior (D:13)
  A fire crab (Lair:5)
  A sea snake (Lair:5)
  4 bog bodies (Lair:3)
  Pikel (D:5)
  A wizard (D:9)
  4 lindwurms (Lair:3)
  7 ugly things
  A harpy (Lair:5)
  3 deep elf pyromancers
  An orc sorcerer (Orc:1)
  5 manticores
  5 slime creatures
  6 cyclopes
  11 elephants
  8 black mambas
  2 cane toads
  A gargoyle (D:14)
  2 torpor snails
  A kobold demonologist (D:12)
  3 freezing wraiths (D:14)
  An unseen horror (D:11)
  10 komodo dragons
  3 tengu conjurers
  5 polar bears
  4 trolls
  A wind drake (Lair:5)
  3 hornets
  22 blink frogs
  A culicivora (Lair:2)
  A jumping spider (shapeshifter) (D:13)
  2 wraiths
  A vampire (D:13)
  A hog (D:13)
  4 wyverns
  38 yaks
  5 basilisks
  Grum (Bailey)
  4 fire bats (Lair:4)
  5 steam dragons
  2 fire elementals (Lair:4)
  10 vampire mosquitoes
  A swamp worm (Lair:3)
  3 wargs (D:11)
  4 acid dragons
  11 water moccasins
  A floating eye (Orc:1)
  3 sky beasts
  4 black bears
  4 ogres
  5 wolves (Bailey)
  3 centaurs
  A phantom (D:6)
  2 kobold brigands
  6 bullfrogs
  6 gnoll sergeants
  6 scorpions
  A wyvern skeleton (D:6)
  2 wights (D:9)
  15 killer bees
  8 howler monkeys
  4 electric eels
  A centaur zombie (D:6)
  5 bullfrog zombies (D:6)
  4 hounds
  3 jellies
  4 orc priests
  5 gnoll boudas (Bailey)
  2 iguanas
  11 orc wizards
  A killer bee zombie (D:6)
  A howler monkey zombie (D:6)
  14 gnolls
  10 adders
  2 shadow imps (D:6)
  3 white imps
  4 dart slugs
  23 orcs
  8 ball pythons
  8 endoplasms
  4 giant cockroaches
  6 goblins
  5 hobgoblins
  6 jackals
  7 kobolds
  A bat (D:1)
  6 frilled lizards
  4 rats
456 creatures vanquished.

Vanquished Creatures (collateral kills)
  A vault guard (D:13)
  3 orc warriors
  2 gnoll sergeants (Bailey)
  A wight (D:9)
  3 gnoll boudas
  2 orc wizards
  9 gnolls
  11 orcs
  A bat (D:1)
  2 goblins (D:8)
  A jackal (D:1)
36 creatures vanquished.

Vanquished Creatures (others)
  A blink frog (Lair:5)
  15 dancing weapons
  23 fungi
  42 plants
  A withered plant (D:6)
82 creatures vanquished.

Grand Total: 574 creatures vanquished

Notes
Turn   | Place    | Note
-------+----------+-------------------------------------------
     0 | D:1      | Falherf the Spriggan Enchanter began the quest for the Orb.
     0 | D:1      | Reached XP level 1. HP: 9/9 MP: 5/5
   159 | D:1      | Reached XP level 2. HP: 13/13 MP: 7/7
   162 | D:1      | Learned a level 2 spell: Ensorcelled Hibernation
   253 | D:1      | You fall into a shaft and drop 1 floor!
  1211 | D:2      | Reached XP level 3. HP: 12/16 MP: 9/9
  1831 | D:3      | Noticed an ogre
  1850 | D:3      | Noticed MrRokkomies's ghost (amateur AtGl)
  1850 | D:3      | Noticed an ogre
  1851 | D:3      | Found a transporter.
  1851 | D:3      | Noticed an ogre
  1855 | D:3      | Found a transporter.
  2000 | D:3      | Learned a level 3 spell: Tukima's Dance
  2004 | D:3      | Learned a level 3 spell: Confusing Touch
  2041 | D:3      | Reached skill level 5 in Hexes
  2041 | D:3      | Reached XP level 4. HP: 13/21 MP: 1/11
  2045 | D:3      | Learned a level 3 spell: Dazzling Flash
  2977 | D:4      | Found a hide-covered altar of Uskayaw.
  3112 | D:4      | Identified a scroll of acquirement
  3112 | D:4      | Acquired 539 gold pieces
  3116 | D:4      | Noticed a scorpion
  3124 | D:4      | Killed a scorpion
  3125 | D:4      | Reached skill level 5 in Spellcasting
  3125 | D:4      | Reached XP level 5. HP: 24/24 MP: 5/13
  3196 | D:4      | Noticed an ogre
  3248 | D:4      | Killed an ogre
  3249 | D:4      | Reached skill level 5 in Stealth
  3249 | D:4      | Reached XP level 6. HP: 12/28 MP: 4/15
  3735 | D:4      | Reached skill level 6 in Stealth
  3975 | D:5      | Entered Level 5 of the Dungeon
  4019 | D:5      | Reached XP level 7. HP: 32/32 MP: 14/17
  4100 | D:5      | Noticed Pikel
  4145 | D:5      | Killed Pikel
  4146 | D:5      | Reached skill level 8 in Stealth
  4146 | D:5      | Reached XP level 8. HP: 23/36 MP: 8/20
  4555 | D:5      | Found a staircase to the Ecumenical Temple.
  4565 | Temple   | Entered the Ecumenical Temple
  4955 | D:6      | Reached skill level 9 in Stealth
  5085 | D:6      | Found a glowing drain.
  5101 | Sewer    | Entered a sewer
  5393 | D:6      | Reached skill level 10 in Stealth
  5511 | D:6      | Found a stormy altar of Qazlal.
  5530 | D:6      | Reached XP level 9. HP: 39/39 MP: 13/23
  6573 | D:7      | Found a hazy altar of Hepliaklqana.
  6806 | D:7      | Reached skill level 5 in Short Blades
  6984 | D:8      | Noticed a two-headed ogre
  6991 | D:8      | Killed a two-headed ogre
  7076 | D:8      | Found an iron altar of Okawaru.
  7076 | D:8      | Found a shadowy altar of Dithmenos.
  7082 | D:8      | Became a worshipper of Dithmenos the Shadowed
  7226 | D:8      | Found a flagged portal.
  7231 | Bailey   | Entered a bailey
  7667 | Bailey   | Reached XP level 10. HP: 44/44 MP: 21/24
  7689 | Bailey   | Reached * piety under Dithmenos
  7900 | Bailey   | Reached skill level 10 in Short Blades
  7916 | Bailey   | Noticed Grum
  7925 | Bailey   | Killed Grum
  8509 | Bailey   | Gained mutation: You are robust. (+10% HP) [potion of
                  | mutation]
  8509 | Bailey   | Gained mutation: You occasionally shout uncontrollably at
                  | your foes. [potion of mutation]
  9138 | D:8      | Acquired 866 gold pieces
  9184 | D:9      | Reached ** piety under Dithmenos
  9449 | D:9      | Noticed a wizard
  9537 | D:9      | Reached skill level 1 in Fighting
  9564 | D:9      | Killed a wizard
  9565 | D:9      | Reached skill level 11 in Stealth
 10510 | D:9      | Found a bloodstained altar of Trog.
 10527 | D:9      | Reached skill level 10 in Hexes
 10527 | D:9      | Reached XP level 11. HP: 55/55 MP: 13/25
 10886 | D:10     | Entered Level 10 of the Dungeon
 10886 | D:10     | Found Quvik's Weapon Shoppe.
 11106 | D:10     | Reached *** piety under Dithmenos
 11118 | D:10     | Reached skill level 5 in Dodging
 11330 | D:10     | Noticed Harold
 11344 | D:10     | Killed Harold
 11345 | D:10     | Reached skill level 10 in Spellcasting
 11673 | D:10     | Found Usetem's Armour Boutique.
 12009 | D:11     | Found a staircase to the Orcish Mines.
 12009 | D:11     | Found a staircase to the Lair.
 12009 | D:11     | Noticed a boulder beetle
 12013 | D:11     | Reached skill level 12 in Stealth
 12017 | D:11     | Killed a boulder beetle
 12099 | D:11     | Found Ejuamp's Magic Scroll Shop.
 12103 | D:11     | Lost mutation: You occasionally shout uncontrollably at
                  | your foes. [potion of mutation]
 12103 | D:11     | Lost mutation: You are robust. (+10% HP) [potion of
                  | mutation]
 12103 | D:11     | Gained mutation: Your body sometimes deteriorates upon
                  | taking damage. [potion of mutation]
 12103 | D:11     | Gained mutation: Your mind is acute. (Int +4, Str/Dex -1)
                  | [potion of mutation]
 12330 | D:11     | You fall into a shaft and drop 1 floor!
 12418 | D:12     | Identified the +0 leather armour of Doomed Salvation {rF+++
                  | Str-4 Int+6 Stlth-}
 12426 | D:12     | Reached **** piety under Dithmenos
 12427 | D:12     | Noticed a white ugly thing
 12438 | D:12     | Killed a cyan ugly thing
 12493 | D:12     | Noticed a deep elf pyromancer
 12497 | D:12     | Killed a deep elf pyromancer
 12521 | D:12     | Lost mutation: Your body sometimes deteriorates upon taking
                  | damage. [potion of mutation]
 12521 | D:12     | Lost mutation: Your mind is acute. (Int +4, Str/Dex -1)
                  | [potion of mutation]
 12521 | D:12     | Gained mutation: Your body sometimes deteriorates upon
                  | taking damage. [potion of mutation]
 12545 | D:11     | Reached skill level 13 in Stealth
 12589 | D:11     | Noticed a two-headed ogre
 12596 | D:11     | Killed a two-headed ogre
 12597 | D:11     | Reached XP level 12. HP: 58/58 MP: 22/27
 13179 | D:12     | Found Loruown's Antique Armour Shop.
 13467 | D:13     | Found a gate to the Vaults.
 13467 | D:13     | Noticed a vault guard
 13467 | D:13     | Noticed a vault guard
 13467 | D:13     | Noticed a vault guard
 13467 | D:13     | Noticed a vault guard
 13467 | D:13     | Noticed a tengu warrior
 13472 | D:13     | Killed a tengu warrior
 13488 | D:13     | Killed a vault guard
 13824 | D:13     | Noticed Kirke
 13835 | D:13     | Killed Kirke
 13836 | D:13     | Reached skill level 5 in Fighting
 13836 | D:13     | Reached skill level 14 in Stealth
 13875 | D:13     | Killed a vault guard
 13885 | D:13     | Killed a vault guard
 13965 | D:13     | Noticed a catoblepas
 13984 | D:13     | Killed a catoblepas
 14023 | D:13     | Killed a vault guard
 14117 | D:13     | Reached ***** piety under Dithmenos
 14599 | D:14     | Noticed a catoblepas
 14599 | D:14     | Noticed a centaur warrior
 14602 | D:14     | Killed a catoblepas
 14603 | D:14     | Reached XP level 13. HP: 65/65 MP: 30/30
 14729 | D:14     | Reached skill level 15 in Stealth
 14889 | D:14     | Reached skill level 10 in Dodging
 15193 | D:14     | Lost mutation: Your body sometimes deteriorates upon taking
                  | damage. [potion of mutation]
 15193 | D:14     | Gained mutation: Your magical capacity is low. (-10% MP)
                  | [potion of mutation]
 15193 | D:14     | Gained mutation: You are agile. (Dex +4, Str/Int -1)
                  | [potion of mutation]
 15193 | D:14     | Gained mutation: Your system is resistant to poisons.
                  | (rPois) [potion of mutation]
 15373 | Lair:1   | Entered Level 1 of the Lair of Beasts
 16188 | Lair:2   | Found a hole to the Spider Nest.
 16741 | Lair:2   | Learned a level 5 spell: Summon Mana Viper
 17059 | Lair:3   | Reached skill level 16 in Stealth
 17180 | Lair:3   | Reached skill level 1 in Summonings
 17221 | Lair:3   | Found a staircase to the Swamp.
 17460 | Lair:3   | Reached XP level 14. HP: 72/72 MP: 20/29
 18224 | Lair:4   | Found a transporter.
 18230 | Lair:4   | Found a transporter.
 18237 | Lair:4   | Noticed Cyrchepe's ghost (journeyman FeSu)
 18238 | Lair:4   | Found a bloodstained altar of Trog.
 18639 | Lair:4   | Reached ****** piety under Dithmenos
 18737 | Lair:4   | Found a viscous altar of Jiyva.
 18738 | Lair:4   | Found a staircase to the Slime Pits.
 19204 | Lair:5   | Entered Level 5 of the Lair of Beasts
 19263 | Lair:5   | Reached skill level 17 in Stealth
 20138 | Lair:5   | Identified the +2 scale mail "Lawuvvir" {rElec Dex+9}
 20996 | Lair:5   | Upgraded the game from 0.30-a0-352-g1e81539c98 to
                  | 0.30-a0-355-g4c39ff33d3
 21095 | Orc:1    | Entered Level 1 of the Orcish Mines
 21325 | Orc:1    | Paralysed by a floating eye for 3 turns
 21328 | Orc:1    | Slain by an ogre mage

Illustrated notes

Levels and vault maps discovered:
D:1:      minmay_arrival_semitransparent, layout_loops_ring
D:2:      layout_basic, kennysheep_generic_room_13
D:3:      layout_basic, gammafunk_ghost_smash, minivault_24,
          nicolae_hexahallways, kennysheep_donut, minmay_misc_feat_doors
D:4:      layout_gridville, nicolae_uskayaw_murder_on_the_dancefloor,
          serial_bayou_lagoon_b
D:5:      layout_cave_pools, minmay_temple_entry_junction, uniq_pikel
D:6:      layout_basic, grunt_qazlal_sundering, serial_undead, serial_undead_a,
          serial_undead_d, serial_undead_c, serial_undead_c, serial_undead_b,
          cheibrodos_sewer_entry_drain
D:7:      layout_loops_ring, kennysheep_little_box
D:8:      layout_cave_pools, gammafunk_temple_overflow_statue, enter_bailey_3
D:9:      layout_roguey, trog_butcher_becter, st_stairs_7,
          minmay_mirror_moons_of_madness
D:10:     layout_cave_pods, serial_shops, shop, nicolae_shop_waterfront,
          hangedman_decor_diamond_cutter, uniq_harold
D:11:     layout_cave_pools, david_lair_generic, minmay_orc_entry_guard_dogs,
          serial_shops, nicolae_shop_trees
D:12:     layout_small_grid, serial_shops, nicolae_shop_overgrown_old_shop
D:13:     layout_basic, lightli_vaults_fourway_checkpoint, uniq_kirke
D:14:     layout_rooms, serial_bayou_ford_a, chequers_serial_rivers_micro_a,
          hangedman_corner_corridor
Temple:   compressed_dpeg_triangle_lava_temple
Lair:1:   layout_gridlike, lemuel_fruit_tree
Lair:2:   layout_cellular_growth, spider_nest_entry_rubble
Lair:3:   layout_regular_city, nicolae_swamp_entry_splash_gauntlet,
          minivault_25, cheibrodos_lair_caveside_slide, minmay_lindwurm_lava
Lair:4:   layout_gridlike, minmay_slime_entry_pillars,
          gammafunk_ghost_wrathful_warriors
Lair:5:   gammafunk_lair_ancient_temple, layout_hall_layers
Orc:1:    hellmonk_paralyzer, layout_caves, minmay_orc_temple_c

Skill      XL: |  1  2  3  4  5  6  7  8  9 10 11 12 13 14 |
---------------+-------------------------------------------+-----
Spellcasting   | 3 4 5 6 7 9 10 12 13 14 | 14.4
Hexes          | 4 5 6 7 9 10 11 12 13 14 | 14.7
Stealth        | 5 6 8 10 11 13 14 16 17 | 17.8
Short Blades   | 9 11 12 | 12.0
Dodging        | 4 7 9 11 12 | 12.9
Fighting       | 1 4 5 7 8 |  8.2
Summonings     | 1 2 |  2.0

Action                   |  1- 3 |  4- 6 |  7- 9 | 10-12 | 13-15 || total
-------------------------+-------+-------+-------+-------+-------++-------
Melee: Dagger            |   157 |   107 |   219 |   483 |   378 ||  1344
       Punch             |     3 |     1 |     2 |     7 |     4 ||    17
 Cast: Ensorcelled Hiber |     6 |    15 |    44 |   120 |   111 ||   296
       Tukima's Dance    |     3 |     7 |    13 |    64 |     7 ||    94
       Confusing Touch   |       |     1 |    16 |    20 |    12 ||    49
       Dazzling Flash    |       |       |       |     8 |    30 ||    38
Evoke: Wand              |       |       |     1 |     8 |     4 ||    13
       Tin of tremorston |       |       |       |     1 |       ||     1
  Use: Scroll            |     7 |     3 |     9 |     9 |     2 ||    30
       Potion            |     1 |       |     5 |     8 |     5 ||    19
 Stab: Sleeping          |     9 |    12 |    44 |    92 |   127 ||   284
       Distracted        |     2 |       |     1 |     2 |     2 ||     7
       Confused          |       |       |    13 |    21 |    11 ||    45
       Invisible         |       |       |     1 |    13 |    29 ||    43
Armor: Robe              |    21 |    12 |    17 |    16 |       ||    66
       Steam dragon scal |       |       |       |    33 |    35 ||    68
Dodge: Dodged            |   109 |    95 |   171 |   373 |   406 ||  1154

Table legend: (Time is in decaauts)
 A = Elapsed time spent in this place.
 B = Non-inter-level travel time spent in this place.
 C = Inter-level travel time spent in this place.
 D = Time resting spent in this place.
 E = Time spent auto-exploring this place.
 F = Levels seen in this place.
 G = Mean time per level.
                   A        B        C        D        E       F      G
               +--------+--------+--------+--------+--------+-----+--------+
         Total |  15412 |  14999 |    413 |    988 |  10357 |  23 |  670.1 |
       Dungeon |  10030 |   9746 |    284 |    602 |   6803 |  14 |  716.4 |
        Temple |    193 |    184 |      9 |      0 |    179 |   1 |  193.0 |
          Lair |   3928 |   3810 |    118 |     74 |   2822 |   5 |  785.6 |
  Orcish Mines |    170 |    170 |      0 |      0 |    132 |   1 |  170.0 |
         Sewer |     91 |     91 |      0 |      0 |     52 |   1 |   91.0 |
        Bailey |    996 |    996 |      0 |    312 |    368 |   1 |  996.0 |
               +--------+--------+--------+--------+--------+-----+--------+

Top non-repeatable levels by time:
  Lair:5: 1354 daAuts
     D:9: 1102 daAuts
     D:3: 1076 daAuts
  Bailey: 996 daAuts
     D:8: 863 daAuts
    D:10: 848 daAuts
  Lair:3: 833 daAuts
    D:13: 820 daAuts
     D:6: 784 daAuts
  Lair:2: 770 daAuts
    D:12: 718 daAuts
     D:4: 684 daAuts
     D:7: 662 daAuts
  Lair:4: 653 daAuts
     D:2: 570 daAuts
